AoeStats
← xlalox corona

Golden Pit

507219393Analyzed
1v1 RM · 14d ago on Sep 17, 2026· 44m 26s· 2 players
Game mode
Random Map
Map size
Tiny (2 player)
Population
200
Speed
Normal
Resources
Standard
Victory
Conquest
Starting age
Dark Age
Ending age
Imperial Age
RankedLock teamsTeams togetherTeam positionsShared explorationLock speedFull tech treeHidden civsTurbo modeCheats
Victory
Defeat
🇹🇷 Mongols · Türkiye
1949
+7
🇲🇽 Dravidians · Mexico
1713
-7
xlalox corona
5:53 Loom
12:26 Feudal Age
14:54 Fletching
19:10 Castle Age
17:31 Double-Bit Axe
17:49 Horse Collar
18:32 Padded Archer Armor
19:00 Gold Mining
19:47 Bodkin Arrow
19:36 Crossbowman
22:33 Bow Saw
24:15 Town Watch
25:26 Wheelbarrow
27:58 Ballistics
28:04 Leather Archer Armor
30:50 Thumb Ring
30:56 Thumb Ring
36:23 Elite Skirmisher
42:25 Imperial Age
43:44 Imperial Age
44:33 Bracer
KARA___
6:31 Loom
8:48 Feudal Age
9:19 Double-Bit Axe
10:49 Fletching
13:22 Padded Archer Armor
13:29 Horse Collar
17:06 Wheelbarrow
21:01 Castle Age
19:57 Stone Mining
20:25 Bloodlines
21:00 Gold Mining
22:03 Bow Saw
22:45 Heavy Plow
24:04 Town Watch
24:27 Bodkin Arrow
24:36 Husbandry
25:44 Leather Archer Armor
31:22 Ballistics
36:54 Imperial Age
35:59 Hand Cart
37:41 Bracer
38:55 Chemistry
38:39 Masonry
38:47 Thumb Ring
38:16 Light Cavalry
40:34 Scale Barding Armor
41:14 Conscription
40:42 Hussar
41:36 Forging
42:24 Chain Barding Armor
Connection lost

Rejoining the realm…

Still unreachable

The connection could not be restored.

Session expired

The server has moved on; the page needs a fresh start.